 Dungeon Crawl Stone Soup version 0.30-a0-161-gdd60e06945 (webtiles) character file.

Game seed: 12253291564740939540

368 qw the Chopper (level 6, -1/39 HPs)
             Began as a Gargoyle Fighter on Sept 27, 2022.
             Slain by a lemure (5 damage)
             ... led by Pikel
             ... on level 5 of the Dungeon.
             The game lasted 00:01:23 (4621 turns).

qw the Chopper (Gargoyle Fighter)                   Turns: 4621, Time: 00:01:23

Health: -1/39      AC: 13    Str: 22    XL:     6   Next: 69%
Magic:  6/6        EV:  9    Int:  8    God:
Gold:   179        SH:  4    Dex:  9    Spells: 5/5 levels left

rFire   . . .      SeeInvis .    Y - +1 war axe
rCold   . . .      Faith    .    c - +0 buckler
rNeg    + . .      Spirit   .    b - +0 scale mail
rPois   inf        Reflect  .    (no helmet)
rElec   +          Harm     .    (no cloak)
rCorr   .          Rampage  .    g - +0 pair of gloves
Will    .....                    e - +0 pair of boots
Stlth   ..........               (no amulet)
HPRegen 0.13/turn                (no ring)
MPRegen 0.10/turn                (no ring)

@: no status effects
A: sickness immunity, AC +4, negative energy resistance 1, electricity
resistance, torment resistance 1, petrification resistance
a: no special abilities


You were on level 5 of the Dungeon.
You visited 1 branch of the dungeon, and saw 5 of its levels.

You collected 179 gold pieces.


Innate Abilities, Weirdness & Mutations

You are immune to sickness and miasma.
Your stone body is resilient. (AC +4)
You are immune to poison.
You resist negative energy. (rN+)
You are resistant to electric shocks. (rElec)
You are resistant to unholy torment.
You are immune to petrification.


   Skills:
 - Level 4.7 Fighting
 + Level 5.1 Axes
 - Level 3.2 Armour
 - Level 1.6 Dodging
 - Level 3.2 Shields


You had 5 spell levels left.
You didn't know any spells.
Your spell library was empty.

Inventory:

Hand Weapons
 k - a +0 mace
 Y - a +1 war axe (weapon)
Armour
 b - a +0 scale mail (worn)
 c - a +0 buckler (worn)
 e - a +0 pair of boots (worn)
 g - a +0 pair of gloves (worn)
Scrolls
 n - a scroll of identify
Potions
 a - a potion of magic {unknown}
 d - a potion of might
 f - a potion of mutation {unknown}
 h - a potion of invisibility {unknown}
 i - a potion of heal wounds {unknown}
 j - a potion of ambrosia {unknown}
 l - a potion of lignification {unknown}
 p - 2 potions of curing
 r - a potion of attraction
 s - a potion of degeneration {unknown}

Dungeon Overview and Level Annotations

Branches:
Dungeon (5/15)
 Temple: D:4-7

Altars:
Fedhas
Qazlal
Vehumet

Annotations:
D:5 1 runed translucent door, Crazy Yiuf, Pikel


Message History

The lemure is lightly wounded.
You barely miss the lemure. The lemure closely misses you.
You hit the lemure.
The lemure is moderately wounded.
You closely miss the lemure. You hit the lemure.
The lemure completely misses you. The lemure barely misses you.
The lemure hits you but does no damage. x2; The lemure barely misses you.
You closely miss the lemure.
The lemure is moderately wounded.
You hit the lemure. You slash Pikel!
The lemure hits you but does no damage. x2; Pikel hits you but does no damage.
You barely miss Pikel.
Pikel is moderately wounded.
You hit the lemure. You closely miss the lemure.
You hit the lemure but do no damage. The lemure barely misses you.
The lemure hits you but does no damage. The lemure hits you.
You block Pikel's attack.
You closely miss Pikel.
Pikel is moderately wounded.
You hit the lemure but do no damage. You barely miss the lemure.
You slash the lemure! The lemure hits you but does no damage.
The lemure hits you.
Pikel hits you with a +0 whip of freezing.
Pikel freezes you.
You barely miss the lemure.
The lemure is severely wounded.
You barely miss Pikel. You hit the lemure. x2
The lemure hits you. The lemure hits you but does no damage.
The lemure closely misses you.
Pikel hits you with a +0 whip of freezing!
Pikel freezes you. The lemure hits you. The lemure closely misses you.
The lemure hits you.
Pikel hits you with a +0 whip of freezing.
Pikel freezes you. The lemure hits you but does no damage.
You barely miss the lemure.
The lemure is severely wounded.
You barely miss Pikel. You hit the lemure. You barely miss the lemure. x2
The lemure hits you but does no damage. The lemure hits you.
You die...

....########### ...#
.........#....###...####
.........#..............
.........#..............
.........#..............
.........#..............
####.....'..............
...#.....#.....5K5......
...###'###.....5@5..¤...
........##...###......¤.
...##...##...# #...~¤...
...##....#.... ....~~~..
...####+##.........~¤¤~#
...# ...##.........¤#~~~
....+...# #####....#~._
#####...#........¤..# }>
....#...#......


You could see Pikel and 4 lemures.

Vanquished Creatures
  A black bear (D:4)
  A phantom (D:5)
  A hound (D:4)
  3 gnolls (D:2)
  7 adders
  2 worms
  2 dart slugs
  6 orcs
  4 endoplasms
  2 giant cockroaches
  7 goblins
  6 hobgoblins
  2 quokkas
  10 ball pythons
  7 bats
  6 frilled lizards
  5 kobolds
  4 rats
76 creatures vanquished.

Notes
Turn   | Place    | Note
-------+----------+-------------------------------------------
     0 | D:1      | qw the Gargoyle Fighter began the quest for the Orb.
     0 | D:1      | Reached XP level 1. HP: 14/14 MP: 1/1
     0 | D:1      | 0 ||| qw: Version: 0.2-a-10-g37ed214
     0 | D:1      | 0 ||| qw: Game counter: 701
     0 | D:1      | 0 ||| qw: Always use a shield: true
     0 | D:1      | 0 ||| qw: God list: Okawaru
     0 | D:1      | 0 ||| qw: Allow faded altars: false
     0 | D:1      | 0 ||| qw: Do Orc after D:15 true
     0 | D:1      | 0 ||| qw: Do second Lair branch before Depths: true
     0 | D:1      | 0 ||| qw: Lair rune preference: random
     0 | D:1      | 0 ||| qw: Plans: Normal, Zot:1-4, God:TSO, Crypt, Tomb,
                  | Pan, Slime:5, Hells, Abyss, Orb
     0 | D:1      | 0 ||| PLANNING D:1-11
   102 | D:1      | 102 ||| Stepping ~*~*~tactically~*~*~ (hiding).
   115 | D:1      | Reached skill level 2 in Axes
   194 | D:1      | 194 ||| DROPPING +0 club.
   199 | D:1      | Reached XP level 2. HP: 19/19 MP: 2/2
   581 | D:1      | Found a faded altar of an unknown god.
   582 | D:1      | Noticed a great orb of eyes
   584 | D:1      | Noticed a shining eye
   590 | D:1      | Noticed a golden eye
   593 | D:1      | Noticed a great orb of eyes
   820 | D:1      | 820 ||| UPGRADING to +0 pair of boots.
   825 | D:1      | 825 ||| READING scroll labelled ITALIF NUOPS.
   826 | D:1      | 826 ||| READING scroll labelled OTHROTUORRA.
   827 | D:1      | 827 ||| READING scroll labelled XIKOAVEMAN.
   828 | D:1      | 828 ||| READING scroll labelled SAERICW FAQ AGHIBU.
   858 | D:2      | Reached skill level 3 in Axes
   858 | D:2      | Reached XP level 3. HP: 23/23 MP: 3/3
  1508 | D:2      | 1508 ||| DROPPING amulet of faith.
  1537 | D:2      | 1537 ||| Stepping ~*~*~tactically~*~*~ (stealth).
  1542 | D:2      | Reached XP level 4. HP: 22/28 MP: 4/4
  1614 | D:2      | 1614 ||| Stepping ~*~*~tactically~*~*~ (hiding).
  1615 | D:2      | 1615 ||| Stepping ~*~*~tactically~*~*~ (hiding).
  1616 | D:2      | 1616 ||| Stepping ~*~*~tactically~*~*~ (hiding).
  1621 | D:2      | Reached skill level 4 in Axes
  1685 | D:2      | 1685 ||| Stepping ~*~*~tactically~*~*~ (hiding).
  2117 | D:2      | 2117 ||| READING scroll labelled PAONNOYPIPU.
  2192 | D:3      | 2192 ||| STAIRDANCE
  2448 | D:3      | Reached XP level 5. HP: 32/32 MP: 5/5
  3114 | D:3      | Found a radiant altar of Vehumet.
  3253 | D:3      | 3253 ||| DROPPING ring of wizardry.
  3254 | D:3      | 3254 ||| READING scroll labelled SIVVYDU SYGAE.
  3255 | D:3      | 3255 ||| READING scroll labelled JOEDIULACU.
  3256 | D:3      | 3256 ||| READING 3 scrolls labelled RUPOIM KASUKH.
  3257 | D:3      | 3257 ||| READING scroll labelled QUISMEMEI.
  3258 | D:3      | 3258 ||| READING 2 scrolls of identify.
  3258 | D:3      | 3258 ||| IDENTIFYING bubbling pink potion
  3259 | D:3      | 3259 ||| DROPPING potion of berserk rage.
  3260 | D:3      | 3260 ||| DROPPING 2 scrolls of noise.
  3352 | D:4      | Reached skill level 5 in Axes
  3685 | D:4      | 3685 ||| Stepping ~*~*~tactically~*~*~ (stealth).
  3729 | D:4      | Found a blossoming altar of Fedhas.
  3732 | D:4      | Noticed a black bear
  3743 | D:4      | HP: 5/33 [black bear (5)]
  3744 | D:4      | Killed a black bear
  3745 | D:4      | Reached XP level 6. HP: 7/39 MP: 6/6
  4350 | D:4      | 4350 ||| UPGRADING to +0 pair of gloves.
  4355 | D:4      | 4355 ||| READING scroll labelled LUOTABROPUE.
  4359 | D:4      | 4359 ||| DRINKING 3 silvery potions.
  4360 | D:4      | 4360 ||| DRINKING 2 grey potions.
  4361 | D:4      | 4361 ||| READING 2 scrolls of identify.
  4361 | D:4      | 4361 ||| IDENTIFYING metallic cyan potion
  4362 | D:4      | 4362 ||| DROPPING potion of brilliance.
  4393 | D:5      | Entered Level 5 of the Dungeon
  4401 | D:5      | Found a runed translucent door.
  4402 | D:5      | Noticed Crazy Yiuf
  4453 | D:5      | Reached skill level 1 in Dodging
  4606 | D:5      | Found a stormy altar of Qazlal.
  4608 | D:5      | Noticed Pikel
  4620 | D:5      | HP: 8/39 [lemure[Pikel] (3)]
  4621 | D:5      | Slain by a lemure

Levels and vault maps discovered:
D:1:      dpeg_arrival_windows_large_door, layout_basic,
          hellmonk_ecumenical_altar_watching_god
D:2:      layout_loops_ring, serial_co_window_serial, co_window_corner_a,
          co_window_corner_a, co_window_corner_a, co_window_paths_a,
          co_window_paths_a, co_window_of_opportunity_b,
          co_window_of_opportunity_c, co_window_unsneaky_path_e,
          co_window_broadway_a, co_window_cross_4, co_window_broadway_b,
          co_window_paths_e, co_window_4corner_a
D:3:      layout_loops_corners, general_overflow_altar,
          chequers_serial_rivers_micro_c, minmay_distorted
D:4:      layout_basic, overflow_temple_1_default, nicolae_elevator_lobby_plus
D:5:      layout_gridville, nicolae_qazlal_general_emergency,
          pf_guarded_unrand_meek, uniq_pikel, uniq_crazy_yiuf_cottage

Skill      XL: |  1  2  3  4  5  6 |
---------------+-------------------+-----
Axes           | 2 3 4 5 |  5.1
Fighting       | 4 |  4.7
Dodging        | 1 |  1.6
Armour         | |  3.2
Shields        | |  3.2

Action                   |  1- 3 |  4- 6 || total
-------------------------+-------+-------++-------
Melee: War axe           |   110 |   142 ||   252
Throw: Boomerang         |       |    21 ||    21
  Use: Scroll            |     4 |     8 ||    12
       Potion            |       |     2 ||     2
Armor: Scale mail        |    71 |    68 ||   139
Dodge: Dodged            |    46 |    57 ||   103
Block: Buckler           |    20 |    23 ||    43

Table legend:
 A = Non-vault XP
 B = Vault XP
 C = Vault XP percentage of total XP
 D = Non-vault monster count
 E = Vault monster count
 F = Vault count percentage of total count
                 A         B        C        D         E       F
            +---------+---------+-------+---------+---------+-------
      Total |     524 |       3 |   0.6 |      74 |       2 |   2.6
            +---------+---------+-------+---------+---------+-------
        D:1 |      23 |       0 |   0.0 |      15 |       0 |   0.0
        D:2 |     107 |       0 |   0.0 |      22 |       0 |   0.0
        D:3 |      75 |       3 |   3.8 |      19 |       2 |   9.5
        D:4 |     212 |       0 |   0.0 |      17 |       0 |   0.0
        D:5 |     107 |       0 |   0.0 |       1 |       0 |   0.0
            +---------+---------+-------+---------+---------+-------
